 Dungeon Crawl Stone Soup version 0.28-a0-1339-ga5422284a4 (webtiles) character file.

Game seed: 5172362844280635208

364 vivovinco the Magician (level 7, -8/46 HPs)
             Began as a Djinni Fire Elementalist on Dec 28, 2021.
             Mangled by Crazy Yiuf (12 damage)
             ... on level 3 of the Dungeon.
             The game lasted 00:12:57 (3832 turns).

vivovinco the Magician (Djinni Fire Elementalist)   Turns: 3832, Time: 00:12:57

Health: -8/46      AC:  2    Str:  7    XL:     7   Next: 0%
Gold:   132        EV: 17    Int: 18    God:
                   SH:  0    Dex: 14

rFire   + + .      SeeInvis .   e - +0 dagger (venom)
rCold   x . .      Faith    .   (no shield)
rNeg    . . .      Spirit   .   a - +0 robe
rPois   ∞          Reflect  .   (no helmet)
rElec   .          Harm     .   (no cloak)
rCorr   .          Rampage  .   (no gloves)
Will    .....                   (boots unavailable)
Stlth   ++........              (no amulet)
HPRegen 0.15/turn               (no ring)
MPRegen 0.00/turn               (no ring)

@: agile, portalling projectiles, flying
A: sickness immunity, fire resistance 2, cold vulnerability 1, float, innate
caster, hp casting, extra vitality 1
a: no special abilities


You were on level 3 of the Dungeon.
You visited 1 branch of the dungeon, and saw 4 of its levels.

You collected 132 gold pieces.

Inventory:

Hand Weapons
 e - a +0 dagger of venom (weapon)
Missiles
 b - 32 stones (quivered)
 k - 3 poisoned darts
Armour
 a - a +0 robe (worn)
 h - the +0 ring mail of Catatonia {Dex+2}
   (You found it on level 2 of the Dungeon)

   Dex:       It affects your dexterity (+2).
Scrolls
 c - 2 scrolls of magic mapping {unknown}
 f - a scroll of teleportation
 g - a scroll of identify {unknown}
 i - a scroll of noise {unknown}
 j - a scroll of amnesia {unknown}
Potions
 d - a potion of curing


   Skills:
 + Level 0.8 Fighting
 + Level 1.4 Short Blades
 + Level 2.7 Dodging
 + Level 3.4 Stealth
 + Level 4.4 Spellcasting


You couldn't memorise any spells.
You knew the following spells:

 Your Spells              Type           Power      Damage    Failure   Level
a - Foxfire               Conj/Fire      76%        2x1d7     2%          1
b - Scorch                Fire           38%        2d6       3%          2
c - Conjure Flame         Conj/Fire      19%        6-21      7%          3
d - Inner Flame           Hex/Fire       19%        N/A       7%          3
e - Flame Wave            Conj/Fire      19%        2d5       22%         4
f - Freeze                Ice            76%        1d9       2%          1
g - Static Discharge      Conj/Air       19%        N/A       3%          2
h - Portal Projectile     Hex/Tloc       38%        N/A       7%          3
Your spell library was empty.

Dungeon Overview and Level Annotations

Branches:
Dungeon (4/15)
 Temple: D:4-7

Altars:
Okawaru

Shops:
D:3 :

Annotations:
D:3 Crazy Yiuf


Innate Abilities, Weirdness & Mutations

You are immune to sickness and miasma.
You are immune to poison.
Your flesh is very heat resistant. (rF++)
You are vulnerable to cold. (rC-)
You float through the air rather than walking.
You learn spells naturally, not from books.
Your magical power is your life essence.
You have superior vitality. (+4 MHP)


Message History

Casting: Portal Projectile (dangerous; 7% risk of failure)
Confirm with . or Enter, or press ? or * to list all spells.
Aiming: Freeze (safe; 2% risk of failure)
Press: ? - help, Shift-Dir - straight line, f - Crazy Yiuf
Aim: Crazy Yiuf, wielding a +4 quarterstaff of chaos and wearing a +0 cloak You freeze Crazy Yiuf!
Crazy Yiuf is heavily wounded.
Crazy Yiuf hits you with a +4 quarterstaff of chaos!
* * * LOW HITPOINT WARNING * * *
Casting: Freeze (safe; 2% risk of failure)
Confirm with . or Enter, or press ? or * to list all spells.
Aiming: Freeze (safe; 2% risk of failure)
Press: ? - help, Shift-Dir - straight line, f/p - Crazy Yiuf
Aim: Crazy Yiuf, wielding a +4 quarterstaff of chaos and wearing a +0 cloak (heavily wounded)
You freeze Crazy Yiuf.
Crazy Yiuf is heavily wounded.
* * * LOW HITPOINT WARNING * * *
Crazy Yiuf whimpers, "Adder mobile pontify!"
Crazy Yiuf misses you.
Casting: Freeze (safe; 2% risk of failure)
Confirm with . or Enter, or press ? or * to list all spells.
Aiming: Freeze (safe; 2% risk of failure)
Press: ? - help, Shift-Dir - straight line, f/p - Crazy Yiuf
Aim: Crazy Yiuf, wielding a +4 quarterstaff of chaos and wearing a +0 cloak (heavily wounded)
You freeze Crazy Yiuf.
Crazy Yiuf is severely wounded.
* * * LOW HITPOINT WARNING * * *
Crazy Yiuf hits you with a +4 quarterstaff of chaos.
* * * LOW HITPOINT WARNING * * *
You feel agile all of a sudden.
Casting: Freeze (safe; 2% risk of failure)
Confirm with . or Enter, or press ? or * to list all spells.
Aiming: Freeze (safe; 2% risk of failure)
Press: ? - help, Shift-Dir - straight line, f/p - Crazy Yiuf
Aim: Crazy Yiuf, wielding a +4 quarterstaff of chaos and wearing a +0 cloak (severely wounded)
You freeze Crazy Yiuf.
Crazy Yiuf is severely wounded.
* * * LOW HITPOINT WARNING * * *
Crazy Yiuf hits you with a +4 quarterstaff of chaos!
You die...

#...# #.# ###...#
#.# ..>..<# #.#
####..#
#.######## #..#
##.......#
####....
#.#####.#
.....####
♣♣♣♣♣##.## ######
### ♣♣♣.♣......#
#...#♣@.♣..^....#
#...'g♣♣♣♣P.....#
#)..#♣♣ ♣♣P...##
### ♣♣####


You could see Crazy Yiuf.

Vanquished Creatures
  Sigmund (D:3)
  An ogre (D:4)
  Terence (D:3)
  4 adders
  2 dart slugs (D:1)
  5 ball pythons
  2 endoplasms
  5 giant cockroaches
  6 goblins
  7 hobgoblins
  2 jackals (D:1)
  3 kobolds
  2 quokkas (D:1)
  6 bats
  A frilled lizard (D:3)
  6 rats
54 creatures vanquished.

Vanquished Creatures (others)
  84 foxfires
84 creatures vanquished.

Grand Total: 138 creatures vanquished

Notes
Turn   | Place    | Note
-------+----------+-------------------------------------------
     0 | D:1      | vivovinco the Djinni Fire Elementalist began the quest for
                  | the Orb.
     0 | D:1      | Reached XP level 1. HP: 15/15 MP: 0/0
   483 | D:1      | Reached XP level 2. HP: 18/21 MP: 0/0
  1015 | D:1      | Reached skill level 3 in Spellcasting
  1167 | D:1      | Reached XP level 3. HP: 21/25 MP: 0/0
  1167 | D:1      | Learned a level 1 spell: Freeze
  1879 | D:3      | Found Ceal's Book Shoppe.
  2083 | D:2      | Reached XP level 4. HP: 16/31 MP: 0/0
  2548 | D:2      | Identified the +0 ring mail of Catatonia {Dex+2}
  3068 | D:4      | Noticed an ogre
  3077 | D:4      | Killed an ogre
  3078 | D:4      | Reached skill level 1 in Short Blades
  3078 | D:4      | Reached XP level 5. HP: 33/36 MP: 0/0
  3078 | D:4      | Learned a level 2 spell: Static Discharge
  3119 | D:3      | Noticed Terence
  3137 | D:3      | Killed Terence
  3193 | D:3      | Reached XP level 6. HP: 6/41 MP: 0/0
  3529 | D:3      | Found an iron altar of Okawaru.
  3578 | D:3      | Reached skill level 4 in Spellcasting
  3641 | D:3      | Noticed Sigmund
  3655 | D:3      | Killed Sigmund
  3656 | D:3      | Reached XP level 7. HP: 24/46 MP: 0/0
  3656 | D:3      | Learned a level 3 spell: Portal Projectile
  3821 | D:3      | Found a runed translucent door.
  3822 | D:3      | Noticed Crazy Yiuf
  3832 | D:3      | Mangled by Crazy Yiuf

Illustrated notes

Levels and vault maps discovered:
D:1:      scummos_arrival_hexagon, layout_basic, serial_forest,
          infiniplex_forest_straight_3, infiniplex_forest_zigzag_2,
          infiniplex_forest_lined_2, infiniplex_forest_lined_3_way,
          infiniplex_forest_lined_corner, infiniplex_forest_end_2,
          infiniplex_forest_clump_tiny, infiniplex_forest_pool,
          infiniplex_forest_straight_2, st_stairs_7, minmay_close_crescents
D:2:      layout_loops_corners
D:3:      cheibrodos_old_hovel, layout_loops_ring, kennysheep_okawaru_gauntlet,
          shapermc_ecumenical_altar_starsandcircs, serial_shops, shop_fountains,
          uniq_sigmund, uniq_robin, uniq_crazy_yiuf_cottage, uniq_terence
D:4:      layout_cave_pools, tgw_sif, hangedman_abyss_or_decor_stagger

Skill      XL: |  1  2  3  4  5  6 |
---------------+-------------------+-----
Spellcasting   | 3 4 |  4.4
Stealth        | 2 3 |  3.4
Short Blades   | 1 |  1.4
Fighting       | |  0.8
Dodging        | |  2.7

Action                   |  1- 3 |  4- 6 |  7- 9 || total
-------------------------+-------+-------+-------++-------
Melee: Dagger            |    24 |    29 |     1 ||    54
Throw: Stone             |       |     2 |       ||     2
 Cast: Foxfire           |    45 |    18 |       ||    63
       Scorch            |    10 |     8 |       ||    18
       Inner Flame       |       |     2 |       ||     2
       Freeze            |       |       |     4 ||     4
       Portal Projectile |       |       |     1 ||     1
  Use: Scroll            |     3 |       |       ||     3
 Stab: Sleeping          |     4 |     4 |       ||     8
       Distracted        |       |     1 |       ||     1
Armor: Robe              |     5 |     6 |       ||    11
Dodge: Dodged            |    20 |    11 |     1 ||    32

Table legend: (Time is in decaauts)
 A = Elapsed time spent in this place.
 B = Non-inter-level travel time spent in this place.
 C = Inter-level travel time spent in this place.
 D = Time resting spent in this place.
 E = Time spent auto-exploring this place.
 F = Levels seen in this place.
 G = Mean time per level.
                   A        B        C        D        E       F      G
               +--------+--------+--------+--------+--------+-----+--------+
         Total |   3838 |   3745 |     93 |   1132 |   2028 |   4 |  959.5 |
       Dungeon |   3838 |   3745 |     93 |   1132 |   2028 |   4 |  959.5 |
               +--------+--------+--------+--------+--------+-----+--------+

Top non-repeatable levels by time:
     D:1: 1740 daAuts
     D:2: 1209 daAuts
     D:3: 871 daAuts
     D:4: 16 daAuts
